Mandevil, lawful female dwarven Archeologist ---- --- --- |..| --- --- - ---.-- --- --.- --.*-- ---.---------------------.--.---- |....| |.---.... --....| ---.........^....(................-----....| |......<. ---.....| |......-------------------[.)......--...|.-- ---....... |......-- |....... -............----- |........ |......| ---.---..- ...).........| |.*--.|.. --......| |...| ...----....--- ------|.- |...|..)-- ---.--- -- ---...| |.-- ---.----...-----...| |.....--- --..--- |...| |..*.--...--| ---.......| |.....---...| --..........- ------- |...--.|..| --...........| --.)........ |.h...|--.|.||.|--- |...----.....- |......... |h....|...|.||.| -----.-- |.*...... |...--... ---...|.--|.--.| ---.|....---.-----... ---...| |.....| |.^..| |...........%-----......>...- |.....| |..--- |............................ --....| ---- --.|....---.-----------..--- ---..| ----..-- --- ---- ---- ---- Mandevil the Field Worker Experience level: 5 Strength: 13 Dexterity: 8 Constitution: 14 Intelligence: 15 Wisdom: 16 Charisma: 10 Health: 0(34) Energy: 12(12) AC: 2 Gold: 40 Moves: 2756 Your Inventory: Coins $ - 40 gold pieces Weapons a - an uncursed +2 bullwhip (alternate weapon; not wielded) Armor w - a blessed +2 leather armor (being worn) H - an uncursed +0 dwarvish cloak (being worn) I - an uncursed +0 pair of hard shoes [iron] (being worn) T - an uncursed +0 iron skull cap [orcish helm] (being worn) Comestibles d - 4 uncursed food rations M - an uncursed lizard corpse Scrolls F - an uncursed scroll labeled HAPAX LEGOMENON [of food detection] Potions X - an [uncursed] potion called golden 150-200 [of speed] Tools e - an uncursed +0 pick-axe (weapon in hand) f - an uncursed tinning kit (0:84) h - an uncursed sack k - an uncursed lock pick m - a cursed [magic] lamp called magic lamp (lit) t - an uncursed stethoscope R - an uncursed blindfold W - an [uncursed tallow] candle Gems g - an uncursed touchstone i - 31 uncursed rocks (in quiver) Contents of the sack: a blessed scroll labeled READ ME [of flood] an uncursed potion called brown 150 [of invisibility] a blessed potion called golden 150-200 [of speed] an uncursed yellow potion [of sleeping] an uncursed obsidian stone Spells known in the end: Name Level Category Fail Memory Your skills at the end: Fighting Skills Weapon Skills pick-axe [Basic / Expert] sling [Basic / Skilled] whip [Basic / Expert] Spellcasting Skills Final Attributes: You were piously aligned. Hunger level was 574. Your alignment was 21 / 23. Monster difficulty range was 0 - 5. Level difficulty was 5. You resisted poison. You were telepathic. You had infravision. You were stealthy. You were fast. Your luck was zero. You are dead. Vanquished creatures: a gnome king a dust vortex a gnome mummy a fog cloud 2 gnome lords a gnomish wizard a giant ant 2 floating eyes 2 kittens a dwarf a homunculus a kobold lord a rothe 2 rabid rats a monkey 2 coyotes a large kobold a hobgoblin a cave spider a yellow mold 17 gnomes 2 gnome zombies a gecko 6 jackals a kobold 2 goblins 3 sewer rats 5 grid bugs 6 newts 68 creatures vanquished. Voluntary challenges: You used a wielded weapon 63 times. You read items or engraved 16 times. You put on armor 11 times. You never genocided any monsters. You never polymorphed an object. You never changed form. You used no wishes. You wrote Elbereth's name 9 times. You never encountered a bones level. You never used any Sokoban shortcuts. Dungeon overview: The Dungeons of Doom: levels 1 to 3 Level 1 a long staircase Level 2 a general store Level 3 stairs to The Gnomish Mines The Gnomish Mines: levels 4 to 6 Level 4 stairs to The Dungeons of Doom Level 5 <- You were here Level 6 many shops, a temple, a magic chest, some fountains History has recorded: On T:1 you entered the Dungeons of Doom to retrieve the Amulet of Yendor! On T:329 you reached level 2 of The Dungeons of Doom. On T:696 you advanced to experience level 2. On T:889 you reached level 3 of The Dungeons of Doom. On T:948 you advanced to experience level 3. On T:1125 you reached level 1 of The Gnomish Mines. On T:1134 you advanced to experience level 4. On T:1747 you reached level 2 of The Gnomish Mines. On T:1816 you advanced to experience level 5. On T:1898 you reached level 3 of The Gnomish Mines. Latest messages: You hear some noises in the distance. Status of the dwarf lord (lawful): Level 4 HP 12(12) AC -1, peaceful. You miss the dwarf lord. The dwarf lord gets angry! Status of the dwarf lord (lawful): Level 4 HP 12(12) AC -1. You miss the dwarf lord. The dwarf lord wields a dwarvish short sword! The dwarf lord thrusts his dwarvish short sword. The dwarf lord hits! [HP-13=17] Status of the dwarf lord (lawful): Level 4 HP 12(12) AC -1. You miss the dwarf lord. Status of the dwarf lord (lawful): Level 4 HP 12(12) AC -1. You miss the dwarf lord. The dwarf lord thrusts his dwarvish short sword. The dwarf lord hits! The dwarf lord thrusts his dwarvish short sword. The dwarf lord hits! You die... Final status: Goodbye Mandevil the Archeologist... You died in The Gnomish Mines on dungeon level 5 with 1434 points, and 40 pieces of gold, after 2756 moves. You were level 5 with a maximum of 34 hit points when you died.